 Dungeon Crawl Stone Soup version 0.28-a0-1365-g7e0445c96d (webtiles) character file.

Game seed: 4857819206084012194

737 Deminshera the Caller (level 7, -5/53 HPs)
             Began as an Ogre Summoner on Dec 31, 2021.
             Shot with an arrow by a centaur (6 damage)
             ... on level 4 of the Dungeon.
             The game lasted 00:10:30 (8070 turns).

Deminshera the Caller (Ogre Summoner)               Turns: 8070, Time: 00:10:31

Health: -5/53      AC:  3    Str: 13    XL:     7   Next: 75%
Magic:  7/14       EV:  9    Int: 18    God:
Gold:   125        SH:  0    Dex:  9    Spells: 6/16 levels left

rFire   . . .      SeeInvis .   i - +0 trident
rCold   . . .      Faith    .   (no shield)
rNeg    . . .      Spirit   .   a - +0 robe
rPois   .          Reflect  .   (helmet restricted)
rElec   .          Harm     .   (no cloak)
rCorr   .          Rampage  .   (gloves unavailable)
Will    .....      Clarity  +   (boots unavailable)
Stlth   +.........              (no amulet)
HPRegen 0.17/turn               (no ring)
MPRegen 0.14/turn               (no ring)

@: no status effects
A: large, unfitting armour, tough skin 1, antennae 1, clarity, frail 1,
screaming 1
a: no special abilities


You were on level 4 of the Dungeon.
You visited 1 branch of the dungeon, and saw 4 of its levels.

You collected 125 gold pieces.

Inventory:

Hand Weapons
 i - a +0 trident (weapon)
Armour
 a - a +0 robe (worn)
Scrolls
 b - 2 scrolls of identify {unknown}
 d - 2 scrolls of noise {unknown}
 e - 2 scrolls of vulnerability {unknown}
 f - a scroll of enchant weapon {unknown}
 k - 2 scrolls of teleportation {unknown}
 l - a scroll of amnesia {unknown}
Potions
 g - a potion of brilliance {unknown}
 h - a potion of resistance {unknown}
 j - a potion of might {unknown}


   Skills:
 - Level 1.7 Dodging
 - Level 1.4 Stealth
 - Level 5.0 Spellcasting
 + Level 7.2 Summonings
 - Level 2.0 Air Magic


You had 6 spell levels left.
You knew the following spells:

 Your Spells              Type           Power      Damage    Failure   Level
a - Summon Small Mammal   Summ           100%       N/A       1%          1
b - Call Imp              Summ           30%        N/A       1%          2
c - Call Canine Familiar  Summ           30%        N/A       1%          3
d - Summon Lightning Spi  Summ/Air       21%        N/A       21%         4

Your spell library contained the following spells:

 Spells                   Type           Power      Damage    Failure   Level
 Summon Guardian Golem    Hex/Summ       17%        N/A       9%          3
 Ensorcelled Hibernation  Hex/Ice        8%         N/A       21%         2
 Spider Form              Tmut/Pois      4%         N/A       36%         3


Dungeon Overview and Level Annotations

Branches:
Dungeon (4/15)
 Temple: D:4-7

Altars:


Innate Abilities, Weirdness & Mutations

You are too large for most types of armour.
You have tough skin. (AC +1)
You have a pair of small antennae on your head.
You possess an exceptional clarity of mind.
You are frail. (-10% HP)
You occasionally shout uncontrollably at your foes.


Message History

The centaur shoots an arrow.
The arrow hits you!
The centaur shoots an arrow.
The arrow hits you!
* * * LOW HITPOINT WARNING * * *
You are too injured to fight recklessly!
The centaur shoots an arrow.
The arrow closely misses you.
Casting: Call Canine Familiar (safe; 1% risk of failure)
Confirm with . or Enter, or press ? or * to list all spells.
A beastly little devil appears in a puff of flame.
What are your orders? t - Yell!
Orders for allies: a - Attack new target. r - Retreat! s - Stop attacking. g - Guard the area. f - Follow me.
Anything else - Cancel.
Gang up on whom?
Press: ? - help, Dir - move target, f - centaur
Aim: a centaur, wielding a +0 shortbow and quivering arrows Attack!
The centaur shoots an arrow.
The arrow hits your crimson imp!
The centaur shoots an arrow.
The arrow hits your crimson imp!
Your crimson imp dies!
Your crimson imp disappears in a puff of smoke!
You are too injured to fight recklessly!
The centaur shoots an arrow.
The arrow closely misses your hound. The arrow barely misses you.
You are too injured to fight recklessly!
Your hound bites the centaur.
The centaur shoots an arrow.
The arrow hits your hound!
Your hound bites the centaur.
The centaur shoots an arrow.
The arrow hits your hound!
Your hound dies!
Your hound's corpse disappears in a puff of smoke!
Casting: Call Imp (safe; 1% risk of failure)
Confirm with . or Enter, or press ? or * to list all spells.
A shadowy apparition takes form in the air.
The centaur shoots an arrow.
The arrow barely misses you.
Casting: Call Imp (safe; 1% risk of failure)
Confirm with . or Enter, or press ? or * to list all spells.
The centaur shoots an arrow.
The arrow hits you!
* * * LOW HITPOINT WARNING * * *
The centaur shoots an arrow.
The arrow hits you.
You die...

.........## ##....##..#
...........# #...#.##..#
.......$...# #....#..#..#
............
#.....##.#.5.
...........#.
#...........)# ........#
#..# ##.#....#
........##5.# #.#....#
........#.h# #.#....#
####..c.@.########.#.....
#...#...........รท.....
#...#.............#...
#...#.................
#...#............###.#
#...#.................
#...#............###.#
#............# #>.
#####............# ###


You could see a centaur (ally target), a friendly hound (summoned) and a
friendly shadow imp (summoned).

Vanquished Creatures
  A hornet zombie (D:4)
  A jelly (D:4)
  A bullfrog skeleton (D:4)
  An orc priest (D:3)
  An orc wizard (D:3)
  Robin (D:3)
  An adder (D:4)
  A dart slug (D:1)
  An orc (D:3)
  A bat (D:2)
  An endoplasm (D:2)
  3 jackals
  A quokka (D:3)
  4 ball pythons
  2 frilled lizards
  5 goblins
  2 kobolds
  4 rats
32 creatures vanquished.

Vanquished Creatures (collateral kills)
  Grinder (D:4)
  An orc warrior (D:4)
  An ogre (D:4)
  5 adders
  A worm (D:2)
  A dart slug (D:2)
  An orc (D:3)
  3 endoplasms
  4 giant cockroaches
  7 goblins
  4 hobgoblins
  A jackal (D:4)
  6 kobolds
  2 quokkas
  6 ball pythons
  3 bats
  3 frilled lizards
  4 rats
54 creatures vanquished.

Vanquished Creatures (others)
  A jackal (D:4)
1 creature vanquished.

Grand Total: 87 creatures vanquished

Notes
Turn   | Place    | Note
-------+----------+-------------------------------------------
     0 | D:1      | Deminshera the Ogre Summoner began the quest for the Orb.
     0 | D:1      | Reached XP level 1. HP: 16/16 MP: 3/3
   275 | D:1      | Found a faded altar of an unknown god.
   790 | D:1      | Reached XP level 2. HP: 24/24 MP: 3/5
   793 | D:1      | Learned a level 2 spell: Call Imp
  1161 | D:1      | Reached skill level 4 in Summonings
  2212 | D:2      | Reached XP level 3. HP: 29/31 MP: 3/7
  2247 | D:1      | Learned a level 3 spell: Call Canine Familiar
  3643 | D:2      | Reached XP level 4. HP: 37/39 MP: 6/9
  3971 | D:3      | Reached skill level 5 in Summonings
  4297 | D:3      | Reached XP level 5. HP: 40/45 MP: 6/10
  4383 | D:3      | Learned a level 4 spell: Summon Lightning Spire
  5373 | D:3      | Reached skill level 1 in Air Magic
  5955 | D:3      | Noticed Robin
  5971 | D:3      | Gained mutation: Your spells are a little harder to cast,
                  | but a little more powerful. [potion of mutation]
  5971 | D:3      | Gained mutation: You have a pair of small antennae on your
                  | head. [potion of mutation]
  5980 | D:3      | Killed Robin
  6427 | D:3      | Lost mutation: Your spells are a little harder to cast, but
                  | a little more powerful. [potion of mutation]
  6427 | D:3      | Gained mutation: You are frail. (-10% HP) [potion of
                  | mutation]
  6427 | D:3      | Gained mutation: You occasionally shout uncontrollably at
                  | your foes. [potion of mutation]
  6427 | D:3      | Gained mutation: You possess an exceptional clarity of
                  | mind. [potion of mutation]
  6924 | D:4      | Noticed an orc warrior
  7036 | D:4      | Killed an orc warrior
  7037 | D:4      | Reached skill level 5 in Spellcasting
  7037 | D:4      | Reached XP level 6. HP: 47/47 MP: 0/13
  7551 | D:4      | Reached skill level 6 in Summonings
  7551 | D:4      | Reached XP level 7. HP: 48/53 MP: 11/14
  7642 | D:4      | Noticed Grinder
  7666 | D:4      | Paralysed by Grinder for 3 turns
  7674 | D:4      | Paralysed by Grinder for 7 turns
  7675 | D:4      | Killed Grinder
  7676 | D:4      | Reached skill level 7 in Summonings
  8070 | D:4      | HP: 1/53 [centaur/arrow (11)]
  8070 | D:4      | Shot with an arrow by a centaur

Illustrated notes

Levels and vault maps discovered:
D:1:      dpeg_arrival_arbitrary_a, layout_basic,
          nicolae_ecumenical_snake_handling
D:2:      layout_rooms, hangedman_abyss_or_decor_lesser_grid
D:3:      layout_basic, uniq_robin
D:4:      cheibrodos_quashed, layout_basic, minmay_manual_mandibuliform,
          uniq_grinder

Skill      XL: |  1  2  3  4  5  6  7 |
---------------+----------------------+-----
Summonings     | 4 5 6 7 |  7.2
Spellcasting   | 3 5 |  5.0
Air Magic      | 2 |  2.0
Dodging        | |  1.7
Stealth        | |  1.4

Action                   |  1- 3 |  4- 6 |  7- 9 || total
-------------------------+-------+-------+-------++-------
Melee: Unarmed           |   166 |     7 |       ||   173
       Trident           |       |    86 |    14 ||   100
 Cast: Summon Small Mamm |     5 |       |       ||     5
       Call Imp          |    27 |     9 |     2 ||    38
       Call Canine Famil |     1 |    22 |     3 ||    26
       Summon Lightning  |       |     1 |     2 ||     3
  Use: Potion            |       |     2 |     1 ||     3
 Stab: Distracted        |     1 |       |       ||     1
       Sleeping          |       |     2 |       ||     2
Armor: Robe              |    80 |    22 |     5 ||   107
Dodge: Dodged            |   136 |    44 |     7 ||   187

Table legend: (Time is in decaauts)
 A = Elapsed time spent in this place.
 B = Non-inter-level travel time spent in this place.
 C = Inter-level travel time spent in this place.
 D = Time resting spent in this place.
 E = Time spent auto-exploring this place.
 F = Levels seen in this place.
 G = Mean time per level.
                   A        B        C        D        E       F      G
               +--------+--------+--------+--------+--------+-----+--------+
         Total |   8110 |   7908 |    202 |   3715 |   3252 |   4 | 2027.5 |
       Dungeon |   8110 |   7908 |    202 |   3715 |   3252 |   4 | 2027.5 |
               +--------+--------+--------+--------+--------+-----+--------+

Top non-repeatable levels by time:
     D:3: 2830 daAuts
     D:1: 2205 daAuts
     D:2: 1708 daAuts
     D:4: 1367 daAuts
